Map: Bridgehead LE (Void)

Players

PinheadLarry (Astrea) - Winner!

  • Race: Protoss Protoss
  • League: Diamond

desRow

  • Race: Protoss Protoss
  • League: Diamond

Event: ASL Season 5 Prime League LOTV Beta

VOD

Have the link to the VOD?

Description

Time

  • Played on: Sept. 6, 2015, 12:15 a.m.
  • Length: 6:58

All games in this series

Show
View Real Time Build Order
Export as new Build Order

PinheadLarry Protoss - Winner!

Build Orders: 1 Gate Expand 

Get SALT Encoding   

  12  0:00  Probe (Chrono Boost)  
  13  0:10  Probe (Chrono Boost)  
  14  0:19  Pylon  
  14  0:21  Probe (Chrono Boost)  
  15  0:37  Probe (Chrono Boost)  
  15  0:38  Gateway  
  16  0:46  Assimilator  
  16  0:47  Probe (Chrono Boost)  
  17  0:57  Probe (Chrono Boost)  
  18  1:07  Probe (Chrono Boost)  
  19  1:20  Nexus  
  19  1:31  Cybernetics Core  
  19  1:32  Probe (Chrono Boost)  
  20  1:41  Assimilator  
  20  1:43  Probe (Chrono Boost)  
  21  1:53  Probe (Chrono Boost)  
  22  1:54  Warp Gate (Chrono Boost)  
  22  1:55  Pylon  
  22  2:03  Probe (Chrono Boost)  
  23  2:13  Probe (Chrono Boost), Adept  
  26  2:24  Mothership Core (Chrono Boost)  
  28  2:35  Probe (Chrono Boost)  
  29  2:40  Stalker  
  29  2:43  Probe (Chrono Boost)  
  32  2:47  Probe (Chrono Boost)  
  33  2:53  Probe (Chrono Boost)  
  35  2:59  Gateway  
  35  3:00  Probe (Chrono Boost)  
  35  3:03  Probe (Chrono Boost)  
  36  3:07  Gateway  
  36  3:11  Sentry  
  38  3:21  Robotics Facility  
  38  3:26  Pylon  
  38  3:40  Probe (Chrono Boost)  
  40  3:42  Probe (Chrono Boost)  
  40  3:47  Pylon  
  38  3:50  Probe (Chrono Boost)  
  38  3:55  Probe (Chrono Boost)  
  36  4:00  Stalker x2  
  37  4:04  Probe (Chrono Boost)  
  37  4:09  Probe (Chrono Boost)  
  36  4:14  Probe (Chrono Boost), Pylon  
  36  4:16  Adept  
  39  4:21  Probe (Chrono Boost)  
  40  4:28  Stalker  
  40  4:29  Sentry  
  44  4:33  Probe (Chrono Boost)  
  43  4:41  Sentry  
  43  4:43  Probe x2 (Chrono Boost)  
  47  4:55  Stalker x2  
  49  5:04  Pylon  
  49  5:14  Stalker x2  
  49  5:15  Stalker  
  53  5:24  Pylon  
  53  5:35  Adept x2  
  57  5:39  Stalker  
  57  5:42  Probe x2  
  55  5:54  Probe x2  
  57  5:57  Sentry  
  59  6:13  Stalker x2  
  63  6:23  Stalker  
  63  6:25  Pylon  
  65  6:39  Stalker x2  
Show
View Real Time Build Order
Export as new Build Order

desRow Protoss 

Build Orders: Oracle Opening 

Get SALT Encoding   

  12  0:01  Probe (Chrono Boost)  
  13  0:11  Probe (Chrono Boost)  
  14  0:19  Pylon  
  14  0:21  Probe (Chrono Boost)  
  15  0:37  Probe (Chrono Boost)  
  15  0:38  Gateway  
  16  0:47  Probe (Chrono Boost)  
  17  0:52  Assimilator  
  17  0:56  Assimilator  
  17  0:57  Probe (Chrono Boost)  
  18  1:07  Probe (Chrono Boost)  
  18  1:11  Gateway  
  19  1:17  Probe (Chrono Boost)  
  20  1:27  Probe (Chrono Boost)  
  20  1:29  Cybernetics Core  
  21  1:38  Probe (Chrono Boost)  
  22  1:48  Probe (Chrono Boost), Pylon  
  23  2:07  Warp Gate (Chrono Boost)  
  25  2:10  Adept (Chrono Boost)  
  25  2:11  Adept (Chrono Boost)  
  27  2:15  Stargate  
  27  2:25  Gateway  
  27  2:35  Stalker (Chrono Boost)  
  31  2:57  Pylon  
  29  3:07  Oracle (Chrono Boost)  
  31  3:16  Stalker x2  
  31  3:18  Stalker  
  37  3:21  Pylon  
  35  3:45  Oracle (Chrono Boost)  
  38  4:10  Stalker, Adept  
  38  4:12  Adept  
  44  4:18  Pylon  
  44  4:37  Oracle (Chrono Boost)  
  44  4:39  Adept  
  44  4:42  Adept  
  44  4:43  Zealot  
  50  4:51  Probe  
  50  4:52  Gateway  
  48  5:03  Probe  
  49  5:12  Adept x2  
  53  5:21  Stalker  
  49  5:37  Adept  
  51  5:45  Adept  
  50  5:55  Adept  
  50  6:08  Probe  
  49  6:18  Adept  
  47  6:20  Probe  
  47  6:23  Adept  
  48  6:33  Probe  
Tags
 
Add a new tag
Caveats
  • Supply blocks, unpowered buildings, or Contaminate may cause inaccurate times.
  • Supply counts are checked every 10 seconds.